 Dungeon Crawl Stone Soup version 0.20.0-10-g0535bb4 (webtiles) character file.

10 Laraso the Sneak (level 2, -4/22 HPs)
             Began as a Mummy Wanderer on June 7, 2017.
             Slain by a leopard gecko (5 damage)
             ... on level 1 of the Dungeon.
             The game lasted 00:01:04 (594 turns).

Laraso the Sneak (Mummy Wanderer)                    Turns: 594, Time: 00:01:04

Health: -4/22      AC:  0    Str: 14    XL:     2   Next: 10%
Magic:  2/2        EV: 11    Int:  9    God:
Gold:   50         SH:  0    Dex: 14    Spells: 1/1 levels left

rFire    x . .     SeeInvis .   c - +0 hand axe
rCold    + . .     Gourm    .   (no shield)
rNeg     + + +     Faith    .   d - +0 robe
rPois    ∞         Spirit   .   (no helmet)
rElec    .         Reflect  .   (no cloak)
rCorr    .         Harm     .   (no gloves)
MR       .....                  e - +0 pair of boots
Stlth    ++........             (no amulet)
Regen    0.1/turn               a - -3 ring of protection (curse)
MPRegen  0.1/turn               (no ring)

@: no status effects
A: no food or potions, fire vulnerability, cold resistance 1, negative energy
resistance 3, torment resistance, unbreathing
a: no special abilities


You were on level 1 of the Dungeon.
You were not hungry.

You visited 1 branch of the dungeon, and saw 1 of its levels.

You collected 50 gold pieces.

Inventory:

Hand Weapons
 c - a +0 hand axe (weapon)
Armour
 d - a +0 robe (worn)
 e - a +0 pair of boots (worn)
Jewellery
 a - a cursed -3 ring of protection (left hand)
Scrolls
 g - a scroll of immolation {unknown}


   Skills:
 - Level 2.0 Fighting
   Level 2.4 Short Blades
 * Level 1.9 Axes
 - Level 1.0 Throwing
 - Level 2.4 Stealth


You had one spell level left.
You didn't know any spells.

Dungeon Overview and Level Annotations

Branches:
Dungeon (1/15)

Altars:


Innate Abilities, Weirdness & Mutations

You do not eat or drink.
Your flesh is vulnerable to fire.
You are immune to poison.
Your flesh is cold resistant. (rC+)
You are immune to negative energy. (rN+++)
You are immune to unholy pain and torment.
You can survive without breathing.


Message History

The giant cockroach bites you.
* * * LOW HITPOINT WARNING * * *
The giant cockroach barely misses you.
You are too injured to fight recklessly!
You are too injured to fight recklessly!
You hit the giant cockroach.
You kill the giant cockroach!
You have reached level 2!
g - a scroll labeled KISIAZXEGHE
Things that are here:
a club; a kobold corpse You butcher the kobold corpse.
Things that are here:
a club; 3 inedible chunks of flesh; a kobold skeleton You start resting.
A hobgoblin comes into view. It is wielding a club.
A hobgoblin is nearby!
Things that are here:
a club; 3 inedible chunks of flesh; a kobold skeleton The hobgoblin shouts!
You hear a shout!
A rat and a hobgoblin come into view.
You completely miss the hobgoblin. The hobgoblin hits you with a club.
You hit the hobgoblin.
The hobgoblin is heavily wounded.
The hobgoblin barely misses you. The hobgoblin hits you with a club.
* * * LOW HITPOINT WARNING * * *
You hit the hobgoblin.
The hobgoblin is almost dead.
The hobgoblin hits you with a club.
* * * LOW HITPOINT WARNING * * *
Things that are here:
a club; 3 inedible chunks of flesh; a kobold skeleton
As you read the scroll labeled JAOMON FYSM, it crumbles to dust.
You feel aware of your surroundings.
It was a scroll of magic mapping.
The hobgoblin hits you with a club.
* * * LOW HITPOINT WARNING * * *
Unknown command.
You hit the hobgoblin.
You kill the hobgoblin!
You hit the hobgoblin but do no damage. The hobgoblin hits you with a club.
* * * LOW HITPOINT WARNING * * *
The hobgoblin closely misses you.
Okay, then.
As you read the scroll of teleportation, it crumbles to dust.
You feel strangely unstable.
Unknown command.
Your surroundings suddenly seem different.
A leopard gecko comes into view.
The leopard gecko barely misses you.
The leopard gecko hisses menacingly.
The leopard gecko bites you.
* * * LOW HITPOINT WARNING * * *
You hit the leopard gecko.
The leopard gecko is heavily wounded.
The leopard gecko closely misses you. The leopard gecko bites you.
* * * LOW HITPOINT WARNING * * *
You miss the leopard gecko.
The leopard gecko is heavily wounded.
The leopard gecko bites you.
You die...

#.....##.#............#..###
#.....#.......##.####.#.##
#..............#,...#..).#
#.g...##.(.....####.##.#.#**
##r....##...............#...**
##..#######...).#..##.######.[#**
...## ##.....#..##.# *#..., ####
###.......l.##.######*####
#####........@#.##......#*
####.....#....!..#....####..#
.##..######.....#####..# **,#####
....## ***#.>..## ##.# #,#....
.8..# ##.##.#### *.#* *.#..##
....# #......#### *..***....#.
.8..# #.###.....# *...>,,,#.#.
....# *,* #.###.# *....,,,#.#.
.8.##**,* #.# #.### *,,...,,#.#.


You could see a leopard gecko.

Vanquished Creatures
  A leopard gecko (D:1)
  A giant cockroach (D:1)
  A goblin (D:1)
  2 hobgoblins (D:1)
  A bat (D:1)
  2 kobolds (D:1)
8 creatures vanquished.

Notes
Turn   | Place    | Note
-------+----------+-------------------------------------------
     0 | D:1      | Laraso the Mummy Wanderer began the quest for the Orb.
     0 | D:1      | Laraso set off with: a +2 short sword, a scroll of teleportation, a +0 hand axe, a +0 robe, a +0 dagger
     0 | D:1      | Reached XP level 1. HP: 16/16 MP: 1/1
   501 | D:1      | Reached XP level 2. HP: 12/22 MP: 2/2
   562 | D:1      | HP: 6/22 [hobgoblin/club (6)]
   568 | D:1      | HP: 5/22 [hobgoblin/club (1)]
   571 | D:1      | HP: 1/22 [hobgoblin/club (4)]
   591 | D:1      | HP: 2/22 [leopard gecko (1)]
   594 | D:1      | Slain by a leopard gecko

Action                   || total
-------------------------++-------
Melee: Hand axe          ||    35
  Use: Scroll            ||     2
Armor: Robe              ||     7
Dodge: Dodged            ||    22

Table legend:
 A = Kills in this place as a percentage of kills in entire the game.
 B = Kills by you in this place as a percentage of kills by you in the entire game.
 C = Kills by friends in this place as a percentage of kills by friends in the entire game.
 D = Other kills in this place as a percentage of other kills in the entire game.
 E = Experience gained in this place as a percentage of experience gained in the entire game.
 F = Experience gained in this place divided by the number of levels of this place that you have seen.
                   A       B       C       D       E      F
               +-------+-------+-------+-------+-------+----------------------
         Total | 100.0 | 100.0 |  -nan |  -nan | 100.0 |  15.0
       Dungeon | 100.0 | 100.0 |  -nan |  -nan | 100.0 |  15.0
               +-------+-------+-------+-------+-------+----------------------

Table legend:
 A = Turns spent in this place as a percentage of turns spent in the entire game.
 B = Non-inter-level travel turns spent in this place as a percentage of non-inter-level travel turns spent in the entire game.
 C = Inter-level travel turns spent in this place as a percentage of turns spent in this place.
 D = Turns resting spent in this place as a percentage of non-inter-level travel turns spent in this place.
 E = Turns spent auto-exploring this place as a percentage of non-inter-level travel turns spent in this place.
 F = Non-inter-level travel turns spent in this place divided by the number of levels of this place that you've seen.
                   A       B       C       D       E      F
               +-------+-------+-------+-------+-------+----------------------
         Total | 100.0 | 100.0 |   0.0 |   4.4 |   2.8 | 181.0
       Dungeon | 100.0 | 100.0 |   0.0 |   4.4 |   2.8 | 181.0
               +-------+-------+-------+-------+-------+----------------------

Vault maps used:
D:1:      dpeg_arrival_windows_large_door, minmay_misc_feat_pillars
